 Dungeon Crawl Stone Soup version 0.20.1-1-g8b1a95d (webtiles) character file.

3496 Schiappus the Cleaver (level 9, -5/89 HPs)
             Began as a Troll Berserker on Oct 14, 2017.
             Was an Elder of Trog.
             Slain by a polar bear (10 damage)
             ... on level 8 of the Dungeon.
             The game lasted 00:52:13 (5991 turns).

Schiappus the Cleaver (Troll Berserker)             Turns: 5991, Time: 00:52:14

Health: -5/89      AC:  9    Str: 27    XL:     9   Next: 80%
Magic:  8/8        EV: 14    Int:  4    God:    Trog [****..]
Gold:   336        SH:  3    Dex: 11    Spells: 8/8 levels left

rFire    . . .     SeeInvis .   o - +0 war axe
rCold    . . .     Gourm    +   (no shield)
rNeg     . . .     Faith    .   b - +1 animal skin
rPois    .         Spirit   .   (helmet restricted)
rElec    .         Reflect  +   r - +0 cloak
rCorr    .         Harm     .   (gloves unavailable)
MR       .....                  (boots unavailable)
Stlth    +++.......             t - amulet of the Zebra {Reflect +Blink SH+3}
Regen    0.7/turn               s - ring of stealth
MPRegen  0.2/turn               d - +6 ring of slaying

@: very slow
A: unfitting armour, claws 3, repulsion field 1, yellow scales 1, blink, fast
metabolism 3, gourmand, regeneration 1, shaggy fur 1, tough skin 2
a: Blink, Berserk, Trog's Hand, Brothers in Arms, Burn Spellbooks, Renounce
Religion, Evoke Blink


You were on level 8 of the Dungeon.
You worshipped Trog.
Trog was greatly pleased with you.
You were completely stuffed.

You visited 2 branches of the dungeon, and saw 9 of its levels.

You collected 336 gold pieces.

Inventory:

Hand Weapons
 n - a +1 hand axe of venom
 o - a +0 war axe (weapon)
Armour
 b - a +1 animal skin (worn)
 r - a +0 cloak (worn)
Jewellery
 d - a +6 ring of slaying (right claw)
 i - an uncursed ring of poison resistance
 q - an uncursed ring of resist corrosion
 s - a ring of stealth (left claw)
 t - the amulet of the Zebra (around neck) {Reflect +Blink SH+3}
   (You found it on level 4 of the Dungeon)

   [amulet of reflection]

   It shields you and reflects attacks.
   It lets you blink.
   It affects your SH (+3).
 u - an uncursed ring of protection from magic
 w - an uncursed amulet of regeneration
 z - an uncursed amulet of guardian spirit
Wands
 B - a wand of lightning (11/15)
 D - a wand of paralysis (7/24)
Scrolls
 a - a scroll of enchant armour
 j - a scroll of identify
 l - 2 scrolls of magic mapping
 p - 5 scrolls of remove curse
 v - a scroll of recharging
 x - a scroll of fog
 y - a scroll of teleportation
Potions
 e - 7 potions of might
 g - 3 potions of agility
 k - 5 potions of curing
 m - a potion of brilliance
 A - 2 potions of magic
 C - a potion of ambrosia
Comestibles
 c - 7 bread rations
 f - 4 meat rations
 h - 5 royal jellies
 E - 2 fruits
 F - 6 chunks of flesh


   Skills:
 + Level 5.8 Fighting
 + Level 8.8 Axes
 * Level 3.3 Armour
 + Level 5.2 Dodging
 + Level 1.5 Stealth


You had 8 spell levels left.
You didn't know any spells.

Dungeon Overview and Level Annotations

Branches:
Dungeon (8/15)             Temple (1/1) D:5
   Lair: D:8-11

Altars:
Ashenzari
Cheibriados
Dithmenos
Gozag
Hepliaklqana
Kikubaaqudgha
Makhleb
Nemelex Xobeh
Okawaru
Qazlal
Ru
Uskayaw
Vehumet
Xom
Zin
The Shining One

Shops:
D:8 [


Innate Abilities, Weirdness & Mutations

You are too large for most types of armour.
You have claws for hands.
Your metabolism is lightning-fast.
You like to eat raw meat.
Your natural rate of healing is unusually fast.
You are covered in fur. (AC +1)
You have very tough skin. (AC +2)
You are surrounded by a mild repulsion field. (EV +2)
You are partially covered in yellow scales. (AC +2)
You can translocate small distances at will.


Message History

You closely miss the polar bear.
The polar bear is severely wounded.
The polar bear bites you!!
The polar bear claws you but does no damage.
The polar bear barely misses you.
The electric eel shoots out a bolt of lightning at you!
The bolt of electricity hits you! The polar bear bites you!!
* * * LOW HITPOINT WARNING * * *
The polar bear claws you but does no damage.
The polar bear closely misses you. The polar bear bites you!
* * * LOW HITPOINT WARNING * * *
The polar bear claws you.
* * * LOW HITPOINT WARNING * * *
The polar bear claws you.
* * * LOW HITPOINT WARNING * * *
You enter the shallow water.
Moving in this stuff is going to be slow.
The polar bear bites you!
You die...

.....(.#.##.#####
)...............#
......).........#
.....÷..........#
.....()...#.#.#.#
.....)#...#...#.########
......#.......#.........
#####.......≈≈..........
##....≈≈≈≈..@≈≈≈≈≈≈≈
#.##.≈.....h......≈
#.##..≈≈≈..?≈..∩...
#.##.≈≈≈≈≈≈≈≈....≈.
....≈≈≈.≈≈.....≈≈.
....≈..≈≈≈≈≈;≈≈≈≈≈
..≈≈≈..≈≈≈≈...≈≈.
.....≈.≈...≈≈.≈
..##...........


You could see a polar bear (berserk) and an electric eel.

Vanquished Creatures
  4 yaks (D:4)
  Edmund (D:4)
  3 ice beasts
  4 ogres
  A black bear (D:6)
  2 phantoms
  A wolf (D:8)
  2 centaurs
  4 bullfrogs
  A water moccasin skeleton (D:7)
  A scorpion (D:4)
  3 killer bees (D:7)
  4 crimson imps
  A quasit (D:7)
  2 hounds
  2 jellies
  An orc priest (D:7)
  A bullfrog skeleton (D:5)
  2 centaur skeletons
  2 iguanas
  3 orc wizards (D:5)
  5 worker ants
  2 hound skeletons
  Robin (D:4)
  10 gnolls
  7 adders
  An ooze (D:2)
  2 adder skeletons
  3 worms
  3 dart slugs
  5 leopard geckos
  21 orcs
  2 ball pythons (D:1)
  4 bats
  4 giant cockroaches
  13 goblins
  11 hobgoblins
  2 jackals (D:1)
  4 kobolds
  2 quokkas
  11 frilled lizards
  2 jackal skeletons (D:4)
  A quokka simulacrum (D:8)
  2 quokka skeletons (D:5)
  5 rats
168 creatures vanquished.

Vanquished Creatures (collateral kills)
  Joseph (D:7)
  An ogre (D:6)
2 creatures vanquished.

Vanquished Creatures (others)
  A gnoll (D:8)
1 creature vanquished.

Grand Total: 171 creatures vanquished

Notes
Turn   | Place    | Note
-------+----------+-------------------------------------------
     0 | D:1      | Schiappus the Troll Berserker began the quest for the Orb.
     0 | D:1      | Reached XP level 1. HP: 22/22 MP: 0/0
   244 | D:1      | Reached XP level 2. HP: 13/29 MP: 1/1
   531 | D:1      | Reached XP level 3. HP: 27/36 MP: 2/2
   911 | D:2      | Reached ** piety under Trog
   952 | D:2      | Reached skill level 3 in Axes
  1092 | D:2      | Found a faded altar of an unknown god.
  1103 | D:2      | Found a shattered altar of Ashenzari.
  1155 | D:2      | Reached XP level 4. HP: 43/44 MP: 3/3
  1410 | D:2      | Found a burning altar of Makhleb.
  1592 | D:3      | Found an iron altar of Okawaru.
  1792 | D:3      | Found a glowing golden altar of the Shining One.
  1794 | D:3      | Noticed an ogre
  1802 | D:3      | Killed an ogre
  1802 | D:3      | Reached skill level 4 in Axes
  1802 | D:3      | Reached XP level 5. HP: 29/53 MP: 4/4
  2218 | D:3      | Gained mutation: You can translocate small distances at will. [potion of mutation]
  2218 | D:3      | Gained mutation: You are surrounded by a mild repulsion field. (EV +2) [potion of mutation]
  2218 | D:3      | Gained mutation: You are partially covered in yellow scales. (AC +2) [potion of mutation]
  2286 | D:4      | Noticed Edmund
  2301 | D:4      | Killed Edmund
  2301 | D:4      | Reached XP level 6. HP: 54/62 MP: 5/5
  2397 | D:4      | Noticed Robin
  2407 | D:4      | Killed Robin
  2490 | D:4      | Noticed a yak
  2492 | D:4      | Noticed a yak
  2494 | D:4      | Noticed a yak
  2495 | D:4      | Noticed a yak
  2499 | D:4      | Killed a yak
  2499 | D:4      | Reached *** piety under Trog
  2499 | D:4      | Reached skill level 5 in Axes
  2499 | D:4      | Reached XP level 7. HP: 56/70 MP: 6/6
  2506 | D:4      | Killed a yak
  2509 | D:4      | Killed a yak
  2509 | D:4      | Reached skill level 6 in Axes
  2514 | D:4      | Killed a yak
  2514 | D:4      | Reached XP level 8. HP: 10/79 MP: 7/7
  2789 | D:4      | Got a slimy silver amulet
  2894 | D:4      | Found a radiant altar of Vehumet.
  3179 | D:4      | Identified the amulet of the Zebra {Reflect +Blink SH+3} (You found it on level 4 of the Dungeon)
  3215 | D:5      | Entered Level 5 of the Dungeon
  3391 | D:5      | Reached skill level 7 in Axes
  3391 | D:5      | Reached skill level 1 in Armour
  3435 | D:5      | Reached skill level 5 in Fighting
  3435 | D:5      | Reached skill level 1 in Stealth
  3561 | D:5      | Found a staircase to the Ecumenical Temple.
  3602 | Temple   | Entered the Ecumenical Temple
  4370 | D:6      | Reached XP level 9. HP: 88/88 MP: 8/8
  4513 | D:6      | Reached **** piety under Trog
  4771 | D:6      | Found a snail-covered altar of Cheibriados.
  5115 | D:7      | Reached skill level 8 in Axes
  5488 | D:7      | Noticed Joseph
  5496 | D:7      | Killed Joseph
  5654 | D:7      | Found a hide-covered altar of Uskayaw.
  5674 | D:7      | Noticed a dagger
  5674 | D:7      | Noticed a dagger
  5867 | D:8      | Found Wiyd Wiz's Armour Shop.
  5897 | D:8      | Reached skill level 5 in Dodging
  5975 | D:8      | Noticed a polar bear
  5990 | D:8      | HP: 4/89 [polar bear (2)]
  5991 | D:8      | Slain by a polar bear

Skill      XL: |  1  2  3  4  5  6  7  8  9 |
---------------+----------------------------+-----
Axes           | 3 4 5 6 7 8 |  8.8
Fighting       | 3 4 5 |  5.8
Dodging        | 3 4 5 |  5.2
Armour         | 1 3 |  3.3
Stealth        | 1 |  1.5

Action                   |  1- 3 |  4- 6 |  7- 9 || total
-------------------------+-------+-------+-------++-------
Melee: Hand axe          |   129 |   172 |   152 ||   453
       War axe           |       |       |   206 ||   206
Invok: Trog's Hand       |     1 |       |       ||     1
       Berserk           |       |     1 |       ||     1
       Burn Spellbooks   |       |       |     2 ||     2
       Brothers in Arms  |       |       |     2 ||     2
  Use: Scroll            |     2 |     5 |     7 ||    14
       Potion            |     2 |     1 |       ||     3
 Stab: Sleeping          |       |       |     6 ||     6
  Eat: Chunk             |    15 |    15 |    34 ||    64
Armor: Animal skin       |    50 |    68 |   156 ||   274
Dodge: Dodged            |    73 |    98 |   304 ||   475
Block: Other             |       |       |    38 ||    38
